 Dungeon Crawl Stone Soup version 0.29.0-7-g18a832c13a (webtiles) character file.

Game seed: 1397920155121773237

22184 Ordine the Carver (level 12, -3/76 HPs)
             Began as a Tengu Monk on Aug 31, 2022.
             Was the Champion of Okawaru.
             Slain by Rupert
             ... wielding a +1 battleaxe of freezing
              (5 damage)
             ... on level 3 of the Lair of Beasts.
             The game lasted 00:44:42 (13755 turns).

Ordine the Carver (Tengu Monk)                     Turns: 13755, Time: 00:44:42

Health: -3/76      AC: 11    Str: 13    XL:     12   Next: 97%
Magic:  16/16      EV: 21    Int: 11    God:    Okawaru [******]
Gold:   644        SH: 19    Dex: 20    Spells: 11/11 levels left

rFire   . . .      SeeInvis .   a - +4 scimitar
rCold   . . .      Faith    .   g - +2 kite shield
rNeg    . . .      Spirit   .   S - +3 troll leather armour {Snorg}
rPois   .          Reflect  +   Y - +1 hat {Will+}
rElec   .          Harm     .   o - +0 cloak
rCorr   .          Rampage  .   s - +0 pair of gloves
Will    +....                   (boots unavailable)
Stlth   +++.......              M - amulet of reflection
HPRegen 1.02/turn               l - +4 ring of evasion
MPRegen 0.15/turn               C - +4 ring of slaying

@: flying quickly and evasively, quick
A: beak, talons 3, nimble flight
a: Renounce Religion, Heroism, Finesse, Duel


You were on level 3 of the Lair of Beasts.
You worshipped Okawaru.
Okawaru was exalted by your worship.
You visited 3 branches of the dungeon, and saw 14 of its levels.

You collected 742 gold pieces.
You spent 98 gold pieces at shops.

Inventory:

Hand Weapons
 a - a +4 scimitar (weapon)
 b - a +6 dagger of freezing
Missiles
 F - 2 curare-tipped darts
 G - 26 poisoned darts (quivered)
 H - 5 boomerangs
 J - 2 silver javelins
Armour
 g - a +2 kite shield (worn)
 o - a +0 cloak (worn)
 s - a +0 pair of gloves (worn)
 S - a +3 troll leather armour (worn) {Snorg}
 Y - a +1 hat of willpower (worn)
Jewellery
 l - a +4 ring of evasion (left hand)
 n - a +6 ring of strength
 C - a +4 ring of slaying (right hand)
 E - a ring of see invisible
 L - a ring of willpower
 M - an amulet of reflection (around neck)
Wands
 j - a wand of polymorph (8)
 v - a wand of iceblast (4)
 O - a wand of flame (24)
 X - a wand of quicksilver (2)
Scrolls
 f - 4 scrolls of brand weapon
 i - a scroll of magic mapping
 k - 3 scrolls of fear
 m - a scroll of enchant weapon {unknown}
 r - a scroll of poison
 u - a scroll of summoning
 w - 2 scrolls of blinking {unknown}
 y - 2 scrolls of enchant armour {unknown}
 B - 4 scrolls of teleportation {unknown}
 D - a scroll of acquirement {unknown}
 I - a scroll of immolation {unknown}
 N - a scroll of torment {unknown}
 P - 3 scrolls of butterflies
 Q - a scroll of silence {unknown}
 U - a scroll of vulnerability {unknown}
 V - a scroll of amnesia {unknown}
Potions
 c - 4 potions of ambrosia
 d - 3 potions of brilliance
 e - 3 potions of might
 h - 4 potions of cancellation
 p - 7 potions of curing
 q - a potion of magic
 t - 2 potions of resistance {unknown}
 x - 2 potions of mutation {unknown}
 z - 3 potions of haste {unknown}
 A - 3 potions of degeneration {unknown}
 K - 2 potions of flight {unknown}
 W - a potion of berserk rage {unknown}
Miscellaneous
 T - a lightning rod (4/4)


   Skills:
 + Level 9.3 Fighting
 * Level 13.9 Long Blades
 + Level 6.5 Throwing
 + Level 4.9 Armour
 + Level 6.2 Dodging
 + Level 5.4 Stealth
 + Level 8.6 Shields
 + Level 4.1 Invocations
 + Level 4.6 Evocations


You had 11 spell levels left.
You didn't know any spells.
Your spell library contained the following spells:

 Spells                   Type           Power      Damage    Failure   Level
 Scorch                   Fire           0%         2d5       85%         2
 Conjure Flame            Conj/Fire      0%         6-21      97%         3
 Dazzling Flash           Conj/Hex       0%         N/A       97%         3
 Ignite Poison            Fire/Tmut/Pois 0%         N/A       97%         3
 Flame Wave               Conj/Fire      0%         2d4       100%        4
 Olgreb's Toxic Radiance  Pois           0%         N/A       100%        4
 Sticky Flame             Conj/Fire      0%         2d3       100%        4
 Agony                    Necr           0%         N/A       100%        5
 Silence                  Hex/Air        0%         N/A       100%        5
 Ozocubu's Refrigeration  Ice            0%         4d7       100%        7
 Ignition                 Fire           0%         3d3       100%        8
 Summon Cactus Giant      Summ           Unusable   N/A       N/A         6

Dungeon Overview and Level Annotations

Branches:
Dungeon (10/15)            Temple (1/1) D:5            Lair (3/5) D:8
 Shoals (0/4) Lair:2       Spider (0/4) Lair:2          Orc (0/2) D:9

Altars:
Ashenzari
Cheibriados
Dithmenos
Elyvilon
Fedhas
Gozag
Hepliaklqana
Kikubaaqudgha
Makhleb
Nemelex Xobeh
Okawaru
Qazlal
Ru
Sif Muna
Trog
Uskayaw
Vehumet
Wu Jian
Xom
Yredelemnul
Zin
The Shining One

Shops:
D:1 :   D:3 [   D:6 *

Annotations:
D:10 1 runed translucent door, Icreabex's ghost, journeyman MfSk
Lair:3 Amaemon; Rupert


Innate Abilities, Weirdness & Mutations

You have a beak for a mouth.
You have claws for feet.
Your magical nature lets you fly swiftly and evasively.


Message History

You reach down and open the door.
There is an open door here.
You now have 644 gold pieces (gained 14).
You reach down and open the door.
There is an open door here.
H - 5 boomerangs (gained 1)
G - 32 poisoned darts (gained 1)
G - 33 poisoned darts (gained 1)
You throw a poisoned dart. The poisoned dart hits Rupert.
Rupert is poisoned.
Rupert screams, "Hurray!"
You throw a poisoned dart. The poisoned dart barely misses Rupert.
You throw a poisoned dart. The poisoned dart hits Rupert.
Rupert looks even sicker.
Rupert looks excited.
You throw a poisoned dart. The poisoned dart hits Rupert.
You throw a poisoned dart. The poisoned dart hits Rupert.
You throw a poisoned dart. The poisoned dart hits Rupert!
Rupert looks as sick as possible!
Rupert is lightly wounded.
You throw a poisoned dart. The poisoned dart hits Rupert.
Rupert looks as sick as possible!
Rupert is lightly wounded.
Rupert roars madly and goes into a rage!
Rupert goes berserk!
Okay, then.
You completely miss Rupert.
Rupert is lightly wounded.
Rupert hits you with a +1 battleaxe of freezing!!!
Ouch! That really hurt!
Rupert freezes you!!
* * * LOW HITPOINT WARNING * * *
Unknown command.
Unknown command.
Okay, then.
Okay, then.
You feel better.
Rupert hits you with a +1 battleaxe of freezing!!
* * * LOW HITPOINT WARNING * * *
Rupert freezes you.
You die...

.................................
.....................(...........
....................(............
..............<....(.............
......... ........(..............
#...P.#.# #.###....#########P....
...### ##..#.###.#.##...##
#.@.##.......##...#
#.@.#............##
##...............#.
##...#.....###..... # ..#
#......###.#.##..## ##..##
####.................#
#....#######.#...................
.................................
.................................
.................................


You could see Rupert (berserk, very poisoned).

Vanquished Creatures
  Gastronok (Lair:3)
  Snorg (D:10)
  A catoblepas (Lair:1)
  2 hydras
  A two-headed ogre (D:9)
  8 elephants
  3 black mambas
  2 unseen horrors (D:10)
  A torpor snail (Lair:3)
  Maggie (Lair:1)
  7 cane toads
  A rime drake (Lair:3)
  5 komodo dragons
  2 polar bears
  4 blink frogs (Lair:3)
  A wyvern (Lair:1)
  2 wraiths
  16 yaks
  2 basilisks
  Edmund (D:6)
  7 water moccasins
  An ice beast (D:8)
  6 orc warriors
  A sky beast (D:7)
  7 centaurs
  4 wolves
  2 ogres
  A kobold brigand (D:8)
  9 bullfrogs
  2 necrophages
  4 scorpions
  15 wights
  4 killer bees
  2 howler monkeys
  A lava snake (D:8)
  3 quasits (D:7)
  A gnoll bouda (D:7)
  3 orc priests
  2 hounds
  A jelly (D:5)
  6 iguanas
  Jessica (D:2)
  7 orc wizards
  5 gnolls (D:7)
  8 adders
  A shadow imp (D:7)
  2 white imps (D:7)
  3 ufetubi
  A worm (D:2)
  A dart slug (D:5)
  38 orcs
  6 endoplasms
  2 giant cockroaches
  9 goblins
  4 hobgoblins
  8 jackals (D:1)
  9 kobolds
  5 quokkas
  8 ball pythons
  5 bats
  A frilled lizard (D:1)
  A rat (D:3)
269 creatures vanquished.

Vanquished Creatures (others)
  8 demonic plants (D:7)
  8 fungi
  10 plants
26 creatures vanquished.

Grand Total: 295 creatures vanquished

Notes
Turn   | Place    | Note
-------+----------+-------------------------------------------
     0 | D:1      | Ordine the Tengu Monk began the quest for the Orb.
     0 | D:1      | Reached XP level 1. HP: 14/14 MP: 2/2
   214 | D:1      | Reached XP level 2. HP: 11/19 MP: 3/3
   357 | D:1      | Found Tezanupe's Book Boutique.
   393 | D:1      | Found a faded altar of an unknown god.
   882 | D:1      | Reached skill level 4 in Long Blades
  1074 | D:1      | Reached XP level 3. HP: 23/23 MP: 4/4
  1733 | D:2      | Noticed Jessica
  1737 | D:2      | Killed Jessica
  1738 | D:2      | Reached skill level 1 in Shields
  1738 | D:2      | Reached XP level 4. HP: 28/28 MP: 5/5
  2165 | D:3      | Found Relituab's Armour Shop.
  2172 | D:3      | Bought a +0 cloak for 49 gold pieces
  2353 | D:3      | Found an iron altar of Okawaru.
  2359 | D:3      | Became a worshipper of Warmaster Okawaru
  2359 | D:3      | Reached * piety under Okawaru
  2359 | D:3      | Reached ** piety under Okawaru
  2409 | D:3      | Reached skill level 5 in Long Blades
  2516 | D:3      | Gained mutation: Your magical nature lets you fly swiftly
                  | and evasively. [Tengu growth]
  2516 | D:3      | Reached XP level 5. HP: 32/33 MP: 6/6
  2686 | D:4      | Found an opulent altar of Gozag.
  2697 | D:4      | Noticed an ogre
  2813 | D:3      | Bought a +0 pair of gloves for 49 gold pieces
  2898 | D:4      | Found a glowing golden altar of the Shining One.
  2905 | D:4      | Killed an ogre
  2906 | D:4      | Reached XP level 6. HP: 15/38 MP: 7/7
  3223 | D:4      | Found a radiant altar of Vehumet.
  3782 | D:5      | Entered Level 5 of the Dungeon
  3843 | D:5      | Reached skill level 6 in Long Blades
  3843 | D:5      | Found a staircase to the Ecumenical Temple.
  3921 | Temple   | Entered the Ecumenical Temple
  4334 | D:5      | Reached XP level 7. HP: 40/44 MP: 8/8
  5320 | D:5      | Reached *** piety under Okawaru
  5321 | D:5      | Reached skill level 7 in Long Blades
  5328 | D:5      | Reached skill level 5 in Fighting
  5482 | D:6      | Noticed Edmund
  5540 | D:6      | Found Dupnappan's Overcharged Wands.
  6034 | D:6      | Reached XP level 8. HP: 49/49 MP: 9/9
  6101 | D:6      | Killed Edmund
  6238 | D:6      | Reached skill level 8 in Long Blades
  6703 | D:7      | Reached **** piety under Okawaru
  6856 | D:7      | Reached skill level 9 in Long Blades
  6876 | D:7      | Found a shimmering blue altar of Sif Muna.
  6882 | D:7      | Reached skill level 5 in Shields
  6905 | D:7      | Reached XP level 9. HP: 56/56 MP: 10/10
  6953 | D:7      | Found a shimmering altar of Xom.
  6978 | D:7      | Found a hazy altar of Hepliaklqana.
  6988 | D:7      | Received a gift from Okawaru
  7854 | D:7      | Found a white marble altar of Elyvilon.
  8009 | D:8      | Found a burning altar of Makhleb.
  8062 | D:8      | Reached skill level 1 in Throwing
  8079 | D:8      | Found an ancient bone altar of Kikubaaqudgha.
  8307 | D:8      | Reached skill level 10 in Long Blades
  8523 | D:8      | Found a staircase to the Lair.
  9345 | D:8      | Found a glowing silver altar of Zin.
  9345 | D:8      | Found an ornate altar of the Wu Jian Council.
  9395 | D:8      | Reached ***** piety under Okawaru
  9631 | D:9      | Found a staircase to the Orcish Mines.
  9634 | D:9      | Reached XP level 10. HP: 63/63 MP: 11/11
  9651 | D:9      | Reached skill level 11 in Long Blades
  9833 | D:9      | Found a sacrificial altar of Ru.
  9971 | D:9      | Found a sparkling altar of Nemelex Xobeh.
 10176 | D:9      | Noticed a two-headed ogre
 10190 | D:9      | Killed a two-headed ogre
 10190 | D:9      | Received a gift from Okawaru
 10219 | D:10     | Entered Level 10 of the Dungeon
 10387 | D:10     | Noticed an unseen horror
 10392 | D:10     | Noticed Snorg
 10480 | D:10     | Found a runed translucent door.
 10481 | D:10     | Found a shimmering altar of Xom.
 10481 | D:10     | Noticed Icreabex's ghost (journeyman MfSk)
 10481 | D:10     | Noticed a +0 morningstar of chaos
 10617 | D:10     | Killed Snorg
 10894 | D:10     | Reached skill level 12 in Long Blades
 10902 | D:10     | Noticed an unseen horror
 10905 | D:10     | Killed an unseen horror
 10906 | D:10     | Reached skill level 1 in Armour
 11049 | D:10     | Killed an unseen horror
 11050 | D:10     | Reached skill level 1 in Evocations
 11187 | D:10     | Reached skill level 1 in Invocations
 11196 | D:10     | Reached XP level 11. HP: 66/68 MP: 12/12
 11465 | Lair:1   | Entered Level 1 of the Lair of Beasts
 11596 | Lair:1   | Reached skill level 5 in Throwing
 11661 | Lair:1   | Reached ****** piety under Okawaru
 11682 | Lair:1   | Received a gift from Okawaru
 11770 | Lair:1   | Noticed a catoblepas
 11791 | Lair:1   | Killed a catoblepas
 11919 | Lair:1   | Noticed Maggie
 11942 | Lair:1   | Killed Maggie
 12344 | Lair:2   | Found a staircase to the Shoals.
 12376 | Lair:2   | Reached skill level 5 in Dodging
 12403 | Lair:2   | Found a hole to the Spider Nest.
 12605 | Lair:2   | Reached skill level 13 in Long Blades
 12692 | Lair:2   | Noticed a five-headed hydra
 12703 | Lair:2   | Killed a five-headed hydra
 12704 | Lair:2   | Reached XP level 12. HP: 70/75 MP: 15/15
 13174 | Lair:3   | Noticed a five-headed hydra
 13188 | Lair:3   | Killed a five-headed hydra
 13190 | Lair:3   | Noticed Gastronok
 13201 | Lair:3   | Received a gift from Okawaru
 13206 | Lair:3   | Noticed Rupert
 13212 | Lair:3   | Noticed Amaemon
 13429 | Lair:3   | Reached skill level 5 in Stealth
 13460 | Lair:3   | Identified the +3 demon whip of Migiclegh {speed, Fragile
                  | rPois Str+3} (Okawaru gifted it to you on level 3 of the
                  | Lair of Beasts)
 13460 | Lair:3   | Received a gift from Okawaru
 13613 | Lair:3   | Killed Gastronok
 13755 | Lair:3   | HP: 2/76 [Rupert/+1 battleaxe of freezing (18)]
 13755 | Lair:3   | Slain by Rupert

Illustrated notes

Levels and vault maps discovered:
D:1:      dpeg_arrival_boxes_within_box, layout_rooms,
          dreamdust_ecumenical_altar_statues, serial_shops, shop
D:2:      layout_loops_ring, uniq_jessica
D:3:      layout_basic, okawaru_ov_weapons_minmay, serial_shops,
          nicolae_shop_crystal
D:4:      layout_basic, mainiacjoe_overflow_small_starburst,
          mainiacjoe_overflow_paths, kennysheep_mini_moat, grunt_ministairs_15
D:5:      layout_rooms, minmay_temple_entry_grid
D:6:      layout_cave_pools, nicolae_shop_overcharged_wands, uniq_edmund
D:7:      layout_basic, nicolae_overflow_crystal_walls, kennysheep_mini,
          mainiacjoe_overflow_cross_hatched, overflow_temple_1_default,
          serial_demonic, serial_demonic_g, serial_demonic_g, serial_demonic_c,
          serial_demonic_e
D:8:      layout_basic, nicolae_kikubaaqudgha_miasma_corner, bloody_makhleb,
          minitemple, kennysheep_small_spiral
D:9:      layout_basic, mainiacjoe_overflow_chevrons,
          nemelex_xobeh_ov_fountains_minmay, david_orc_3
D:10:     layout_irregular_city, ebering_ghost_xom, lemuel_flamethrower_1,
          uniq_snorg
Temple:   hellmonk_temple_beads
Lair:1:   layout_hall_layers, st_stairs_7, grunt_megastairs_3,
          lemuel_fruit_tree, uniq_maggie
Lair:2:   beast_lair_carwin_large_2, layout_misc_corridors,
          minmay_shoals_entry_centaurs, spider_nest_entry_web_field,
          lemuel_old_faithful
Lair:3:   layout_regular_city, uniq_gastronok, uniq_amaemon, uniq_rupert

Skill      XL: |  1  2  3  4  5  6  7  8  9 10 11 12 |
---------------+-------------------------------------+-----
Long Blades    | 4 5 6 7 9 10 12 13 | 13.9
Shields        | 1 2 3 5 6 7 8 |  8.6
Fighting       | 4 5 6 7 8 9 |  9.3
Throwing       | 3 4 5 6 |  6.5
Armour         | 1 3 4 |  4.9
Evocations     | 1 3 4 |  4.6
Invocations    | 1 3 4 |  4.1
Dodging        | 5 6 |  6.2
Stealth        | 4 5 |  5.4

Action                   |  1- 3 |  4- 6 |  7- 9 | 10-12 || total
-------------------------+-------+-------+-------+-------++-------
Melee: Falchion          |    88 |   116 |   272 |    34 ||   510
       Peck              |     8 |    24 |    57 |    94 ||   183
       Kick              |    16 |    31 |    90 |   146 ||   283
       Scimitar          |       |       |       |   326 ||   326
       Dagger            |       |       |       |    19 ||    19
Throw: Dart              |       |       |       |    33 ||    33
       Boomerang         |       |       |       |    16 ||    16
Evoke: Wand              |       |       |     2 |       ||     2
  Use: Scroll            |       |       |     8 |     4 ||    12
       Potion            |       |       |     1 |     1 ||     2
 Stab: Sleeping          |     2 |     9 |     3 |     6 ||    20
       Distracted        |       |       |       |     1 ||     1
Armor: Robe              |    19 |    13 |    23 |     6 ||    61
       Troll leather arm |       |       |       |    52 ||    52
Dodge: Dodged            |    80 |    60 |   146 |   159 ||   445
Block: Kite shield       |    27 |    57 |   163 |   315 ||   562
       Reflection        |       |       |     6 |     7 ||    13
